 Dungeon Crawl Stone Soup version 0.30-a0-800-g7c544603b3 (webtiles) character file.

Game seed: 13233436109864635104

193 Darius099 the Trooper (level 5, -6/47 HPs)
             Began as a Minotaur Fighter on Feb 22, 2023.
             Was an Initiate of Okawaru.
             Mangled by a gnoll
             ... wielding a +0 flail
             ... led by a gnoll bouda
              (8 damage)
             ... on level 4 of the Dungeon.
             The game lasted 00:07:34 (2165 turns).

Darius099 the Trooper (Minotaur Fighter)            Turns: 2165, Time: 00:07:36

Health: -6/47      AC:  7    Str: 23    XL:     5   Next: 43%
Magic:  4/4        EV:  7    Int:  5    God:    Okawaru [......]
Gold:   132        SH:  4    Dex:  9    Spells: 4/4 levels left

rFire   . . .      SeeInvis .    a - +0 war axe
rCold   . . .      Faith    .    c - +0 buckler
rNeg    . . .      Spirit   .    w - +0 ring mail {rPois}
rPois   +          Reflect  .    (helmet restricted)
rElec   .          Harm     .    l - +0 cloak
rCorr   .          Rampage  .    (no gloves)
Will    +....                    (no boots) Stlth
                                 (no amulet)
HPRegen 0.27/turn                x - ring of willpower
MPRegen 0.09/turn                (no ring)

@: constricted
A: horns 2, retaliatory headbutt
a: Renounce Religion


You were on level 4 of the Dungeon.
You worshipped Okawaru.
Okawaru was noncommittal.
You visited 1 branch of the dungeon, and saw 4 of its levels.

You collected 132 gold pieces.

Inventory:

Hand Weapons
 a - a +0 war axe (weapon)
Missiles
 k - 33 stones (quivered)
 q - 5 javelins
Armour
 b - a +0 scale mail
 c - a +0 buckler (worn)
 l - a +0 cloak (worn)
 w - a +0 ring mail of poison resistance (worn)
Jewellery
 j - an amulet of magic regeneration
 x - a ring of willpower (left hand)
Scrolls
 e - a scroll of acquirement {unknown}
 f - 2 scrolls of torment {unknown}
 g - a scroll of fog {unknown}
 i - 2 scrolls of identify {unknown}
 m - 3 scrolls of magic mapping {unknown}
 o - 2 scrolls of noise {unknown}
 r - a scroll of blinking {unknown}
 s - 3 scrolls of enchant armour {unknown}
 u - a scroll of teleportation {unknown}
 v - a scroll of immolation {unknown}
 y - a scroll of fear {unknown}
Potions
 d - a potion of might
 h - a potion of attraction {unknown}
 n - 2 potions of ambrosia {unknown}
 p - a potion of degeneration {unknown}
 t - a potion of experience {unknown}
 z - a potion of lignification {unknown}


   Skills:
 - Level 4.6 Fighting
 + Level 4.6 Axes
 - Level 4.6 Armour
 - Level 4.6 Shields


You had 4 spell levels left.
You didn't know any spells.
Your spell library was empty.

Dungeon Overview and Level Annotations

Branches:
Dungeon (4/15)
 Temple: D:4-7

Altars:
Makhleb
Okawaru
Wu Jian

Shops:
D:3 (


Innate Abilities, Weirdness & Mutations

You have a pair of horns on your head.
You reflexively headbutt those who attack you in melee.


Message History

You hit the hound.
The hound is lightly wounded.
You hit the gnoll. You completely miss the gnoll. You barely miss the gnoll.
The hound bites you.
A jackal comes into view.
The gnoll hits you with a +0 club. The gnoll barely misses you.
The gnoll closely misses you. The gnoll hits you but does no damage.
You block the hound's attack. You block the ball python's attack.
The ball python misses you.
The jackal barks!
The hound barely misses you. The gnoll barely misses you.
The gnoll hits you with a +0 club. x2; The gnoll hits you with a +0 flail.
You block the ball python's attack. The ball python grabs you.
You stop ascending the stairs.
The ball python constricts you. The hound bites you but does no damage.
You escape the ball python's grasp.
The gnoll closely misses you. The gnoll hits you with a +0 club!
The gnoll closely misses you. x2
The hound bites you. You block the ball python's attack.
The ball python grabs you.
You stop ascending the stairs.
The ball python constricts you.
You are too injured to fight recklessly!
You are too injured to fight recklessly!
You escape the ball python's grasp.
The hound bites you. You block the gnoll's attack.
The gnoll hits you with a +0 club.
* * * LOW HITPOINT WARNING * * *
The gnoll hits you with a +0 flail.
* * * LOW HITPOINT WARNING * * *
The gnoll closely misses you. The hound bites you but does no damage.
The ball python bites you but does no damage.
The ball python grabs you.
You stop ascending the stairs.
The ball python constricts you.
You closely miss the ball python. You barely miss the hound.
You slash the gnoll! You barely miss the gnoll. x2
You closely miss the ball python. The gnoll hits you but does no damage.
The gnoll hits you with a +0 club.
* * * LOW HITPOINT WARNING * * *
The gnoll hits you with a +0 club.
* * * LOW HITPOINT WARNING * * *
The gnoll hits you with a +0 flail!
You die...

. ### ..
..##...
##.......
###g.......
#..##.S@g.#..#
......hSg...#
##....gh....#
#..........>#
#...#....##....
.........# ....
.......... ..#
.........# .#
........#


You could see a hound, 4 gnolls, a jackal and 2 ball pythons.

Vanquished Creatures
  A hound (D:3)
  Robin (D:3)
  5 adders
  2 worms (D:2)
  A dart slug (D:1)
  5 orcs (D:3)
  7 bats
  10 endoplasms
  6 giant cockroaches
  17 goblins
  10 hobgoblins
  3 kobolds
  2 quokkas
  8 ball pythons
  4 frilled lizards
  8 rats
90 creatures vanquished.

Vanquished Creatures (others)
  4 plants (D:1)
4 creatures vanquished.

Grand Total: 94 creatures vanquished

Notes
Turn   | Place    | Note
-------+----------+-------------------------------------------
     0 | D:1      | Darius099 the Minotaur Fighter began the quest for the Orb.
     0 | D:1      | Reached XP level 1. HP: 19/19 MP: 0/0
   226 | D:1      | Reached XP level 2. HP: 27/27 MP: 1/1
   595 | D:1      | Reached XP level 3. HP: 33/33 MP: 2/2
   851 | D:2      | Found a faded altar of an unknown god.
   991 | D:2      | Reached XP level 4. HP: 40/40 MP: 3/3
  1454 | D:3      | Found Gaomm's Antique Weapon Shop.
  1548 | D:3      | Noticed Robin
  1572 | D:3      | Killed Robin
  1657 | D:3      | Found an iron altar of Okawaru.
  1661 | D:3      | Became a worshipper of Warmaster Okawaru
  1694 | D:3      | Reached XP level 5. HP: 45/47 MP: 4/4
  2125 | D:3      | Found an ornate altar of the Wu Jian Council.
  2126 | D:3      | Found a burning altar of Makhleb.
  2165 | D:4      | HP: 2/47 [gnoll/+0 club[a gnoll bouda] (4)]
  2165 | D:4      | Mangled by a gnoll

Illustrated notes

Levels and vault maps discovered:
D:1:      mrwooster_arrival_statue_2, layout_loops_ring, serial_bayou_pond_a
D:2:      minmay_chambers_of_ones, layout_rooms, shapermc_ecumenical_altar_gd,
          minmay_curled_crystal, ebering_dispersal_statue_hall, minmay_ruptured
D:3:      layout_basic, mainiacjoe_overflow_24_doors,
          gammafunk_temple_overflow_statue, serial_shops, shop, uniq_robin
D:4:      layout_cave_pools

Skill      XL: |  1  2  3  4  5 |
---------------+----------------+-----
Armour         | 4 |  4.6
Shields        | 4 |  4.6
Fighting       | 4 |  4.6
Axes           | 3 4 |  4.6

Action                     |  1- 3 |  4- 6 || total
---------------------------+-------+-------++-------
  Melee: War axe           |    77 |    82 ||   159
         Headbutt          |    11 |    12 ||    23
 Armour: Scale mail        |    48 |    16 ||    64
         Ring mail         |       |    25 ||    25
  Dodge: Dodged            |    30 |    44 ||    74
  Block: Buckler           |    18 |    19 ||    37

Table legend: (Time is in decaauts)
 A = Elapsed time spent in this place.
 B = Non-inter-level travel time spent in this place.
 C = Inter-level travel time spent in this place.
 D = Time resting spent in this place.
 E = Time spent auto-exploring this place.
 F = Levels seen in this place.
 G = Mean time per level.
                   A        B        C        D        E       F      G
               +--------+--------+--------+--------+--------+-----+--------+
         Total |   2225 |   2151 |     74 |     73 |   1327 |   4 |  556.2 |
       Dungeon |   2225 |   2151 |     74 |     73 |   1327 |   4 |  556.2 |
               +--------+--------+--------+--------+--------+-----+--------+

Top non-repeatable levels by time:
     D:1: 830 daAuts
     D:3: 722 daAuts
     D:2: 660 daAuts
     D:4: 11 daAuts
